 Dungeon Sprint DCSS version 0.19.3-4-gbf9329e (webtiles) character file.

926 Kagutsuchi the Carver (level 7, -2/65 HPs)
             Began as a Purple Draconian Berserker on Jan 27, 2017.
             Was a Priest of Trog.
             Slain by a hornet (14 damage)
             ... in the Dungeon (Sprint II: "The Violet Keep of Menkaure").
             The game lasted 00:02:49 (740 turns).

Kagutsuchi the Carver (Purple Draconian Berserker)   Turns: 740, Time: 00:02:49

Health: -2/65      AC:  6    Str: 15    XL:     7   Next: 85%
Magic:  7/7        EV: 17    Int:  7    God:    Trog [***...]
Gold:   9          SH:  0    Dex: 13    Spells: 0 memorised, 6 levels left

rFire  . . .     SeeInvis .     c - +2 short sword (speed)
rCold  . . .     Gourm    .     (armour unavailable)
rNeg   . . .     Faith    .     (no shield)
rPois  .         Spirit   .     (helmet restricted)
rElec  .         Reflect  .     (no cloak)
rCorr  .         Harm     .     (no gloves)
MR     +....     NoTele   +     (no boots)
Stlth  ++........               (no amulet)
                                (no ring)
                                (no ring)

@: slowed, very slow
A: breathe power, unfitting armour, antennae 1, frail 1, weak 2, cold-blooded,
AC +6
a: Breathe Dispelling Energy, Berserk, Trog's Hand, Burn Spellbooks, Renounce
Religion


You were in the Dungeon.
You worshipped Trog.
Trog was most pleased with you.
You were not hungry.

You visited 1 branch You collected 243 gold pieces.
You spent 234 gold pieces at shops.

Inventory:

Hand Weapons
 a - a +0 falchion
 c - a +2 short sword of speed (weapon)
Scrolls
 h - a scroll of blinking
Potions
 e - a potion of haste
 f - 2 potions of magic
 g - a potion of berserk rage


   Skills:
 + Level 10.9 Fighting
 + Level 11.1 Long Blades
 + Level 9.1 Dodging
 + Level 1.0 Stealth


You had 6 spell levels left.
You didn't know any spells.

Dungeon Overview and Level Annotations

Branches:
Dungeon (1/1)

Altars:
Cheibriados
Dithmenos
Elyvilon
Fedhas
Gozag
Hepliaklqana
Kikubaaqudgha
Makhleb
Nemelex Xobeh
Okawaru
Qazlal
Ru
Sif Muna
Trog
Uskayaw
Vehumet
Xom
Yredelemnul
Zin
The Shining One
Beogh
Jiyva
Lugonu

Shops:
D [::%=?(*=![![!}*

Annotations:
D exclusions: obsidian statue and oklob plant


Innate Abilities, Weirdness & Mutations

You can breathe bolts of dispelling energy.
Your rich purple scales are hard. (AC +6)
You cannot fit into any form of body armour.
You are cold-blooded and may be slowed by cold attacks.
You have a pair of small antennae on your head.
You are frail. (-10% HP)
You are very weak. (Str -4)


Message History

The polar bear claws you. The hornet misses you. The polar bear bites you!
The polar bear claws you but does no damage.
The polar bear claws you.
There is an open door, spattered with blood here.
You hit the polar bear but do no damage.
The polar bear misses you. The polar bear completely misses you.
The polar bear closely misses you. The hornet stings you!
You feel yourself slow down. The polar bear bites you!!
* * * LOW HITPOINT WARNING * * *
The polar bear misses you. The polar bear closely misses you.
The hornet barely misses you. The polar bear closely misses you.
The polar bear claws you.
* * * LOW HITPOINT WARNING * * *
The polar bear claws you but does no damage.
You hit the polar bear but do no damage.
You tail-slap the polar bear, but do no damage.
The polar bear is lightly wounded.
The hornet stings you!
You die...

# #.#....#{ ...# .#.
###..## #..# $#
#'###.##..# +..# .# )
#.##..##..# #..# .# (?
.ww+.##'..####..##.# ?(%
#.##.#.#..§.###^.h##▓▓▓▓
#'###.##.§....≈≈hc≈≈≈≈≈≈
.#.####≈≈§.§..≈#y#######
. ..#≈≈≈≈§≈§..≈#@h..._._
. $##≈§≈≈≈≈§≈.≈#...._._.
#+##≈≈≈≈§§§§§≈≈#..._._._
≈≈≈≈≈≈≈≈≈≈§§≈§≈#.._._._.
+#+++#≈≈≈≈§≈§≈§#._._._._
§§≈§ ##§≈≈###≈≈#_._._._.
§≈§§≈≈##≈§# #≈≈#._._._..
≈8≈≈§≈≈+§§# #≈≈#.._._...
§§§≈≈≈##≈≈≈≈


You could see 3 polar bears, a yaktaur and a hornet.

Vanquished Creatures
  2 hippogriffs (D)
  4 neqoxecs (D)
  A crocodile (D)
7 creatures vanquished.

Vanquished Creatures (others)
  Menkaure (D)
  A crocodile (D)
2 creatures vanquished.

Grand Total: 9 creatures vanquished

Notes
Turn   | Place    | Note
-------+----------+-------------------------------------------
     0 | D        | Kagutsuchi the Draconian Berserker began the quest for the Orb.
     0 | D        | Reached XP level 1. HP: 19/19 MP: 1/1
     1 | D        | Noticed a neqoxec
     1 | D        | Noticed a neqoxec
     1 | D        | Noticed a neqoxec
     1 | D        | Noticed a neqoxec
     2 | D        | Noticed an iron imp
     2 | D        | Noticed an iron imp
     8 | D        | Killed a neqoxec
     8 | D        | Reached skill level 6 in Long Blades
     8 | D        | Reached skill level 5 in Dodging
     8 | D        | Reached XP level 2. HP: 27/31 MP: 2/2
     8 | D        | Reached XP level 3. HP: 33/38 MP: 3/3
     8 | D        | Reached XP level 4. HP: 39/45 MP: 4/4
    15 | D        | Killed a neqoxec
    15 | D        | Reached skill level 8 in Long Blades
    15 | D        | Reached XP level 5. HP: 43/53 MP: 5/5
    17 | D        | Gained mutation: You are weak. (Str -2) [a neqoxec]
    20 | D        | Killed a neqoxec
    20 | D        | Reached ** piety under Trog
    20 | D        | Reached skill level 9 in Long Blades
    20 | D        | Reached XP level 6. HP: 35/63 MP: 6/6
    22 | D        | Killed Menkaure
    25 | D        | Gained mutation: You have a pair of small antennae on your head. [a neqoxec]
    28 | D        | Gained mutation: You are frail. (-10% HP) [a neqoxec]
    33 | D        | Gained mutation: You have a pair of antennae on your head. [a neqoxec]
    36 | D        | HP: 2/56 [iron imp[a neqoxec] (6)]
    40 | D        | Gained mutation: You are very weak. (Str -4) [a neqoxec]
    41 | D        | Lost mutation: You have a pair of antennae on your head. [a neqoxec]
    42 | D        | Killed a neqoxec
   321 | D        | Noticed a hippogriff
   321 | D        | Noticed a hippogriff
   327 | D        | Killed a hippogriff
   327 | D        | Reached skill level 10 in Fighting
   327 | D        | Reached skill level 10 in Long Blades
   327 | D        | Your scales start taking on a rich purple colour.
   327 | D        | Reached XP level 7. HP: 64/64 MP: 7/7
   336 | D        | Killed a hippogriff
   336 | D        | Reached *** piety under Trog
   336 | D        | Reached skill level 11 in Long Blades
   362 | D        | Noticed a tyrant leech
   362 | D        | Noticed a tyrant leech
   645 | D        | Noticed an ice statue
   657 | D        | Reached skill level 1 in Stealth
   662 | D        | Found Hatuaju's Gadget Boutique.
   662 | D        | Found Kiworeaxt's Assorted Antiques.
   663 | D        | Found Obrempil's Distillery.
   663 | D        | Found Xaenod's Antique Armour Boutique.
   663 | D        | Found Laeh's Distillery.
   664 | D        | Found Zitaom's Assorted Antiques.
   664 | D        | Found Nar Heu's Jewellery Shop.
   664 | D        | Found Ujifet's Distillery.
   665 | D        | Found Avugiew's Jewellery Shop.
   665 | D        | Found Atairul's Magic Scroll Boutique.
   665 | D        | Found Puogguh's Antique Weapon Boutique.
   666 | D        | Found Lygy's Antique Armour Shop.
   668 | D        | Noticed a yak
   669 | D        | Noticed a yak
   676 | D        | Found Cann's Food Boutique.
   676 | D        | Found Noushy's Book Shop.
   676 | D        | Noticed a yak
   676 | D        | Noticed an oklob plant
   677 | D        | Found Covydgh Wyump's Book Shoppe.
   677 | D        | Found Ybyt's Antique Armour Boutique.
   679 | D        | Noticed an ice dragon
   682 | D        | Noticed a fire dragon
   684 | D        | Bought a glowing short sword for 234 gold pieces
   709 | D        | Noticed an obsidian statue
   721 | D        | Found a roughly hewn altar of Beogh.
   722 | D        | Found a snail-covered altar of Cheibriados.
   723 | D        | Found a shadowy altar of Dithmenos.
   723 | D        | Found a viscous altar of Jiyva.
   723 | D        | Found a hazy altar of Hepliaklqana.
   724 | D        | Found a white marble altar of Elyvilon.
   724 | D        | Found an ancient bone altar of Kikubaaqudgha.
   724 | D        | Found a sacrificial altar of Ru.
   725 | D        | Found a blossoming altar of Fedhas.
   725 | D        | Found a corrupted altar of Lugonu.
   725 | D        | Found a deep blue altar of Sif Muna.
   726 | D        | Found an opulent altar of Gozag.
   726 | D        | Found a burning altar of Makhleb.
   726 | D        | Found a bloodstained altar of Trog.
   726 | D        | Found a basalt altar of Yredelemnul.
   728 | D        | Found a sparkling altar of Nemelex Xobeh.
   728 | D        | Found a hide-covered altar of Uskayaw.
   729 | D        | Found an iron altar of Okawaru.
   729 | D        | Found a radiant altar of Vehumet.
   729 | D        | Found a glowing golden altar of the Shining One.
   729 | D        | Found a glowing silver altar of Zin.
   729 | D        | Noticed a polar bear
   731 | D        | Noticed a hornet
   732 | D        | Found a stormy altar of Qazlal.
   732 | D        | Found a shimmering altar of Xom.
   732 | D        | Noticed a yaktaur
   733 | D        | Noticed a polar bear
   735 | D        | Noticed a polar bear
   740 | D        | Slain by a hornet

Skill      XL: |  1  2  3  4  5  6  7 |
---------------+----------------------+-----
Fighting       | 6 8 9 10 | 10.9
Long Blades    | 6 8 9 10 11 | 11.1
Dodging        | 5 6 7 8 9 |  9.1
Stealth        | 1 |  1.0

Action                   |  1- 3 |  4- 6 |  7- 9 || total
-------------------------+-------+-------+-------++-------
Melee: Falchion          |     6 |    38 |    28 ||    72
       Tailslap          |     1 |     5 |     7 ||    13
       Short sword       |       |       |     6 ||     6
Invok: Berserk           |     1 |     1 |       ||     2
       Trog's Hand       |       |       |     1 ||     1
  Use: Potion            |       |     1 |     1 ||     2
  Eat: Bread ration      |       |       |     1 ||     1
Armor: Skin              |     1 |     2 |     6 ||     9
Dodge: Dodged            |       |    25 |    30 ||    55
       Rpst.: Falchion   |       |     9 |     2 ||    11
